Raze, neutral male human Ranger ------- |.....| |.....| |.....| |.<...| ------------- ----.-- |`.........`| ## |.....`.....| # |...--.--...| # |...|.{.|....# # |.)`|{.{|`..| # #|...|.{.|...) # #-...-----..)| -----------|--- |I....`.??..| |..............###############.``...))...`| |.............| ------------- |.............-##################### |.............| --------------- Raze the Lookout Experience level: 5 Strength: 17 Dexterity: 10 Constitution: 16 Intelligence: 13 Wisdom: 13 Charisma: 7 Health: 0(37) Energy: 20(20) Def: 3 Gold: 337 Moves: 3068 Dungeon seed: 4aiUExexUP58rayL Game ID: Raze_1454264475 Your Inventory: Coins $ - 337 gold pieces Amulets w - a cursed amulet of restful sleep Weapons a - a +1 dagger (weapon in hand) b - a +1 bow (alternate weapon; not wielded) c - 49 +2 arrows (in quiver) d - 34 +0 arrows v - a +0 elven bow Armor e - an uncursed +2 cloak of displacement (being worn) n - a blessed +1 banded mail q - a blessed +0 orcish helm r - an uncursed +0 pair of low boots y - an uncursed +0 cloak of invisibility Comestibles f - 4 uncursed cram rations h - an uncursed food ration F - an uncursed partly eaten food ration Scrolls s - an uncursed scroll of identify t - an uncursed scroll of teleportation x - an uncursed scroll of create monster C - an uncursed scroll of enchant weapon Potions g - a blessed potion of blindness j - an uncursed potion of paralysis k - an uncursed potion of monster detection Wands B - a wand of magic missile (0:0) Tools m - 4 uncursed tallow candles (0:200) o - an uncursed tin opener u - an uncursed skeleton key Spells and supernatural/magical abilities: Name Level Category Fail Memory W - pray for help -- divine ? -- Your skills at the end: Fighting Skills Weapon Skills dagger [Basic] bow [Basic] Spellcasting Skills Final Attributes: You were piously aligned. You had automatic searching. You were displaced. You are dead. Vanquished creatures: a rock piercer a rock mole a paper golem a homunculus a kobold lord a kobold shaman a giant bat an orc zombie a werejackal 2 iguanas a gas spore 2 hobbits 2 large kobolds 2 giant rats a brown mold 2 yellow molds 4 gnomes 4 jackals 4 goblins 11 sewer rats 3 grid bugs 3 lichens a kobold zombie 6 newts 57 creatures vanquished. Voluntary challenges: You were an atheist. You used a wielded weapon 49 times, starting on turn 163. You were illiterate. You never genocided any monsters. You never polymorphed an object. You never changed form. You used no wishes. You never split a pudding. You never wrote Elbereth's name. You violated your moral code, losing 1 point of alignment, starting on turn 2850. Dungeon overview: The Dungeons of Doom: levels 1 to 8 Level 1 a fountain a long staircase Level 2 Level 3 Level 4 a sink stairs to The Gnomish Mines Level 5 some fountains Level 6 a fountain Level 7 Level 8 <- You were here many fountains The Gnomish Mines: Level 5 stairs to The Dungeons of Doom History has recorded: On T:1 you entered the Dungeons of Doom to retrieve the Amulet of Yendor! On T:397 you reached level 2 of The Dungeons of Doom. On T:667 you reached level 3 of The Dungeons of Doom. On T:679 you reached level 4 of The Dungeons of Doom. On T:986 you reached level 1 of The Gnomish Mines. On T:990 you advanced to experience level 2. On T:1495 you reached level 5 of The Dungeons of Doom. On T:1514 you reached level 8 of The Dungeons of Doom. On T:1563 you reached level 7 of The Dungeons of Doom. On T:1711 you advanced to experience level 3. On T:1885 you reached level 6 of The Dungeons of Doom. On T:2151 you advanced to experience level 4. On T:2919 you advanced to experience level 5. Score breakdown: Gold: 337 ( 8602 points) Experience: 5 levels (11141 points) Exploration: 8 levels ( 16.67%) (11577 points) Discoveries: 2 items ( 0.67%) ( 2453 points) Valuables value: (no points given unless you survive) Artifact value: 0 ( 0 points) Variety of kills: 24 monsters ( 6.30%) ( 7529 points) Turncount: 3068 turns ( -633 points) Survival: died (score multiplied by 80%) Total score: 32535 Latest messages: You see here a statue of a mountain centaur. The dwarf hurls a cloudy potion! The jar crashes on your head and breaks into shards. You feel rather tired. You feel hemmed in. It bites! You die... Final status: Goodbye Raze the Ranger, killed by a werewolf, while sleeping off potion vapours... You died in The Dungeons of Doom on dungeon level 8 with 32535 points, and 337 pieces of gold, after 3068 moves. You were level 5 with a maximum of 37 hit points when you died.